Unix NetHack Version 5.0.0-0 post-release - last build May 23 2026 06:08:33 (1c0ff79ee797540d5714e4e18072db0edd9e58ae,branch:main).

Game began 2026-05-24 20:41:31, ended 2026-05-24 20:46:39.

ArrBianca, chaotic female elven Priestess

                                      ----------
                                      |...<....-#
                                      |........|####
                                      ----------   #
                                                   #
                                                   ##
                                                  ######
                                                   ####  -------
                                                      ###|.d...|        ------
                                                      ###|.....|        |....|
                                                        #......)#####   |....|
                                                         -------    ##  |ZZ..|
                                                                     ###-.@..|
                                                                        ------

ArrBianca the Acolyte        St:12 Dx:11 Co:13 In:13 Wi:14 Ch:15  Chaotic
Dlvl:3  $:34 HP:0(30) Pw:31(31) AC:6  Xp:3 T:860 

Latest messages:
 You miss the coyote.
 The coyote bites!
 You hit the coyote!
 The coyote bites!
 You miss the coyote.
 The coyote bites!
 You miss the coyote.
 The coyote bites!
 You miss the coyote.
 The coyote bites!
 You miss the coyote.
 The coyote bites!
 The coyote bites!
 You miss the coyote.
 The coyote bites!
 The coyote bites!
 What do you want to drink? [dq or ?*] ?
 What do you want to drink? [dq or ?*] <space>
 Never mind.
 You kill the coyote!
 The coyote bites!
 The coyote bites!
 You hit the coyote!
 The coyote misses!
 You miss the coyote.
 The coyote misses!
 You miss the coyote.
 The coyote bites!
 You kill the coyote!
 Calling upon Huan Ti, you chant an arcane formula.
 The gnome zombie turns to flee.
 The gnome zombie hits!
 The gnome zombie hits!
 The gnome zombie hits!
 You can move again.
 You destroy the gnome zombie!
 You stop searching.
 What do you want to zap? [np or ?*] p
 In what direction? l
 The sleep ray hits the orc zombie.
 What do you want to zap? [np or ?*] n
 In what direction? .
 You materialize in a different location!
 You fall into a pit!
 Elf, your life force is running out.
 You are still in a pit.
 You are still in a pit.
 The gnome zombie hits!
 You die...
 Do you want your possessions identified? [ynq] (y) q

Inventory:
 Coins    ('$')
  $ - 34 gold pieces
 Amulets  ('"')
  m - a cursed amulet of restful sleep
 Weapons  (')')
  a - a blessed +1 mace (weapon in right hand)
 Armor    ('[')
  r - a blessed +0 elven leather helm (being worn)
  c - a +0 small shield (being worn)
  b - a +0 robe (being worn)
 Comestibles  ('%')
  e - a clove of garlic
  l - a cram ration
  k - a pancake
  f - a sprig of wolfsbane
 Scrolls  ('?')
  o - a scroll of taming
 Spellbooks  ('+')
  g - a spellbook of detect monsters
  h - a blessed spellbook of identify
 Potions  ('!')
  q - a cursed potion of booze
  d - 4 potions of holy water
 Wands    ('/')
  p - a wand of sleep (0:6)
  n - a wand of teleportation (0:3)
 Tools    ('(')
  i - a wooden flute

ArrBianca the Priestess's attributes:

Background:
 You were an Acolyte, a level 3 elven Priestess.
 You were chaotic, on a mission for Huan Ti
 who was opposed by Shan Lai Ching (lawful) and Chih Sung-tzu (neutral).
 You were right-handed.
 You were in the Dungeons of Doom, on level 3.
 You entered the dungeon 860 turns ago.
 You had 54 experience points, 26 more were needed to attain level 4.

Basics:
 You had 0 out of 30 hit points.
 You had all 31 energy points (spell power).
 Your armor class was 6.
 Your wallet contained 34 zorkmids.
 Autopickup was on for '$?!/="+%' plus thrown, with exceptions.

Final Characteristics:
 Your strength was 12 (limit:18).
 Your dexterity was 11 (limit:18).
 Your constitution was 13 (limit:16).
 Your intelligence was 13 (limit:20).
 Your wisdom was 14 (limit:20).
 Your charisma was 15 (limit:18).

Final Status:
 You were trapped in a pit.
 You weren't hungry.
 You were unencumbered.
 You were wielding a mace.
 You had basic skill with mace.

Final Attributes:
 You were devoutly aligned.
 You had infravision.
 You were guarded.
 Your spell casting was enhanced by wearing a robe.
 You are dead.

Miscellaneous:
 You didn't encounter any bones levels.
 Total elapsed playing time was 5 minutes and 8 seconds.

Major events:
 Turn
    1: ArrBianca the chaotic elven Priestess entered the dungeon
  647: entered the Gnomish Mines
  676: attained the rank of Acolyte (level 3)
  860: killed by a gnome zombie

Spells:
 Name                 Level Category     Fail Retention
 detect monsters        1   divination     0%  76%-100%
 identify               3   divination    95%  76%-100%

Skills:
 Fighting Skills
   bare handed combat [Unskilled]
 Weapon Skills
   club               [Unskilled]
   mace               [Basic]
   morning star       [Unskilled]
   flail              [Unskilled]
   hammer             [Unskilled]
   quarterstaff       [Unskilled]
   polearms           [Unskilled]
   spear              [Unskilled]
   trident            [Unskilled]
   lance              [Unskilled]
   bow                [Unskilled]
   sling              [Unskilled]
   crossbow           [Unskilled]
   dart               [Unskilled]
   shuriken           [Unskilled]
   boomerang          [Unskilled]
   unicorn horn       [Unskilled]
 Spellcasting Skills
   healing spells     [Unskilled]
   divination spells  [Unskilled]
   clerical spells    [Basic]

Voluntary challenges:
 Character rerolling was not enabled.
 You were illiterate.
 You never had a pet.
 You never genocided any monsters.
 You never polymorphed an object.
 You never changed form.
 You used no wishes.
Achievements:
 You entered a shop.
 You entered the Gnomish Mines.
 You attained the rank of Acolyte.

 The Dungeons of Doom: levels 1 to 3
    Level 1:
    Level 2:
       A general store.
       Stairs down to The Gnomish Mines.
    Level 3: <- You were here.
       Final resting place for
          you, killed by a gnome zombie.
 The Gnomish Mines:
    Level 3:


Vanquished creatures:
  2 coyotes
  a hobbit
  a gnome
  a gnome zombie
  a gecko
  8 jackals
  2 goblins
  2 lichens
  4 newts
22 creatures vanquished.

No species were genocided or became extinct.

Game over:
                       ----------
                      /          \
                     /    REST    \
                    /      IN      \
                   /     PEACE      \
                  /                  \
                  |    ArrBianca     |
                  |      34 Au       |
                  |   killed by a    |
                  |   gnome zombie   |
                  |                  |
                  |                  |
                  |       2026       |
                 *|     *  *  *      | *
        _________)/\\_//(\/(/\)/\//\/|_)_______

Goodbye ArrBianca the Priestess...

You died in The Dungeons of Doom on dungeon level 3 with 357 points,
and 34 pieces of gold, after 860 moves.
You were level 3 with a maximum of 30 hit points when you died.

